 Dungeon Crawl Stone Soup version 0.18.1-48-g4cf74bf (webtiles) character file.

1898 tyranidshit the Fighter (level 8, -6/86 HPs)
             Began as a Deep Dwarf Necromancer on July 20, 2016.
             Was a Follower of Makhleb.
             Killed from afar by an orc wizard (8 damage)
             ... with a wand of lightning
             ... on level 7 of the Dungeon.
             The game lasted 00:15:33 (4713 turns).

tyranidshit the Fighter (Deep Dwarf Necromancer)    Turns: 4713, Time: 00:15:34

Health: -6/86      AC: 16    Str: 13 (14) XL:     8   Next: 93%
Magic:  8/8        EV:  1    Int: 16      God:    Makhleb [*.....]
Gold:   111        SH:  9    Dex: 13      Spells: 1 memorised, 9 levels left

rFire  . . .     SeeInvis .     i - +4 dagger (flame)
rCold  + . .     Gourm    .     p - +1 plate armour
rNeg   . . .     Faith    .     a - +0 shield
rPois  .         Spirit   .     (no helmet)
rElec  .         Dismiss  .     v - +0 cloak
rCorr  .         Reflect  .     (no gloves)
SustAt .         Harm     .     (no boots)
MR     +....                    (no amulet)
Stlth  ..........               z - +1 ring of protection
                                m - ring of protection from cold

@: non-regenerating, drained, somewhat resistant to hostile enchantments,
extremely unstealthy
A: damage resistance, recharge devices, large bone plates 1, deterioration 1,
sense surroundings 1, shaggy fur 1, slow regeneration 3
a: Device Recharging, Renounce Religion


You were on level 7 of the Dungeon.
You worshipped Makhleb.
Makhleb was aware of your devotion.
You were not hungry.

You visited 1 branch of the dungeon, and saw 7 of its levels.

You collected 279 gold pieces.
You spent 168 gold pieces at shops.

Inventory:

Hand Weapons
 i - a +4 dagger of flaming (weapon)
 r - a +2 war axe
Missiles
 q - 39 poisoned needles
Armour
 a - a +0 shield (worn)
 g - a +0 ring mail
 p - a +1 plate armour (worn)
 t - the +0 scale mail of the New World {rN+ Str+3}
   (You found it on level 5 of the Dungeon)

   It affects your strength (+3).
   It protects you from negative energy.
 v - a +0 cloak (worn)
 A - the +3 leather armour "Mapsengo" {rPois}
   (You bought it in a shop on level 7 of the Dungeon)

   It protects you from poison.
Jewellery
 m - a ring of protection from cold (left hand)
 x - an uncursed ring of wizardry
 y - an uncursed ring of stealth
 z - a +1 ring of protection (right hand)
Wands
 c - a wand of heal wounds (4/9)
Scrolls
 e - 6 scrolls of teleportation
 j - 8 scrolls of identify
 o - 3 scrolls of immolation
 w - a scroll of fear
Potions
 f - 2 potions of cure mutation
 n - a potion of brilliance
 s - 2 potions of might
 u - 2 potions of curing
Books
 b - a book of Necromancy

   Spells                             Type                      Level
   a - Pain                           Necromancy                   1
   b - Animate Skeleton               Necromancy                   1
   c - Vampiric Draining              Necromancy                   3
   d - Regeneration                   Charms/Necromancy            3
   e - Animate Dead                   Necromancy                   4
   f - Control Undead                 Necromancy                   4
 l - a book of Death

   Spells                             Type                      Level
   a - Corpse Rot                     Necromancy                   2
   b - Sublimation of Blood           Necromancy                   2
   c - Agony                          Necromancy                   5
   d - Dispel Undead                  Necromancy                   5
   e - Excruciating Wounds            Charms/Necromancy            5
   f - Bolt of Draining               Conjuration/Necromancy       5
Comestibles
 d - a bread ration
 h - 4 beef jerkies
 k - a meat ration


   Skills:
 - Level 10.2(9.8) Fighting
 + Level 1.4(1.1) Armour
 + Level 2.8(2.5) Dodging
 - Level 2.4(2.1) Stealth
 + Level 1.0(0.7) Shields
 - Level 1.7(1.4) Spellcasting
 - Level 4.3(4.0) Necromancy


You had 9 spell levels left.
You knew the following spells:

 Your Spells              Type           Power        Failure   Level  Hunger
a - Pain                  Necr           ##..         100%        1    ##.....


Dungeon Overview and Level Annotations

Branches:
Dungeon (7/15)             Temple (0/1) D:5

Altars:
Ashenzari
Makhleb
Okawaru
Pakellas
Trog
Vehumet
Xom
Zin

Shops:
D:7 =([

Annotations:
D:7 Dowan, Duvessa


Innate Abilities, Weirdness & Mutations

You are resistant to damage.
You can recharge devices by infusing magical energy.
You passively map a small area around you.
You do not regenerate naturally.
You are partially covered in large bone plates (AC +2, SH +2).
Your body sometimes deteriorates upon taking damage.
You are covered in fur (AC +1).


Message History

You closely miss the hound.
The hound is severely wounded.
The orc hits you but does no damage. Something hits you but does no damage.
The hound bites you.
* * * LOW HITPOINT WARNING * * *
The orc wizard hits you but does no damage.
Something hits you but does no damage. The hound bites you but does no damage.
You block the orc's attack.
The orc wizard hits you but does no damage.
The orc wizard zaps a wand.
The bolt of lightning hits you!
* * * LOW HITPOINT WARNING * * *
Your body deteriorates!
You feel weakened.
It is a wand of lightning.
You hear some strange, mumbled words.
A puff of flame appears from out of thin air!
The puff of flame hits you!
* * * LOW HITPOINT WARNING * * *
You block the hound's attack.
The orc wizard zaps a wand.
The bolt of lightning hits you!
You die...

#.....#......#.....#....,
#.....#......#######....,
#.....#................. ,
#.....#.................
#.....#................., ,
#.....#.....................
#.....#.......o............#
#...).#.......ho...........#
#.....#......@.h...........#
#.....#....................#
#.....#......#+#####.......#,
#...).#......#.....#.......#
#...)[)......#.....'.......#,
#....)#......'.....#.......#,
#....##......#.....#.......#
#...>#.....###.....#......##
#....#.....#.......#......#,


You could see a black bear, a hound, an orc wizard and an orc.

Vanquished Creatures
  Sigmund (D:4)
  An ice beast (D:6)
  2 orc warriors
  A sky beast (D:3)
  3 eyes of draining (D:4)
  4 ogres
  3 giant frogs (D:6)
  A howler monkey (D:6)
  2 giant frog zombies
  4 orc priests
  3 orc wizards
  A hound (D:7)
  A worker ant (D:4)
  A hound skeleton (D:6)
  A worker ant zombie (D:6)
  2 gnolls (D:4)
  5 adders
  2 oozes
  An adder zombie (D:5)
  An adder skeleton (D:7)
  2 worms
  A giant gecko (D:4)
  25 orcs
  7 bats
  5 giant cockroaches
  10 goblins
  8 hobgoblins
  4 jackals (D:3)
  5 kobolds
  A ball python (D:6)
  5 giant newts
  A jackal skeleton (D:4)
  3 rats
117 creatures vanquished.

Vanquished Creatures (others)
  An orc wizard (D:4)
1 creature vanquished.

Grand Total: 118 creatures vanquished

Notes
Turn   | Place    | Note
--------------------------------------------------------------
     0 | D:1      | tyranidshit the Deep Dwarf Necromancer began the quest for the Orb.
     0 | D:1      | Reached XP level 1. HP: 15/15 MP: 3/3
    14 | D:1      | Noticed an electric eel
   131 | D:1      | Reached skill level 1 in Fighting
   252 | D:1      | Reached XP level 2. HP: 25/25 MP: 4/4
   385 | D:1      | Reached skill level 2 in Fighting
  1014 | D:2      | Found a radiant altar of Vehumet.
  1015 | D:2      | Found an iron altar of Okawaru.
  1015 | D:2      | Found a shimmering altar of Xom.
  1027 | D:2      | Found an oddly glowing altar of Pakellas.
  1138 | D:2      | Reached XP level 3. HP: 30/33 MP: 5/5
  1173 | D:2      | Gained mutation: You are partially covered in large bone plates (AC +2, SH +2). [potion of mutation]
  1173 | D:2      | Gained mutation: Your body sometimes deteriorates upon taking damage. [potion of mutation]
  1173 | D:2      | Gained mutation: You are covered in fur (AC +1). [potion of mutation]
  1286 | D:2      | Found a glowing silver altar of Zin.
  1375 | D:2      | Found a shattered altar of Ashenzari.
  1739 | D:3      | Noticed a sky beast
  1743 | D:3      | Reached skill level 3 in Fighting
  1783 | D:3      | Reached XP level 4. HP: 28/42 MP: 6/6
  1879 | D:3      | Killed a sky beast
  1879 | D:3      | Reached skill level 4 in Fighting
  1879 | D:3      | Reached XP level 5. HP: 26/51 MP: 7/7
  1980 | D:3      | Reached skill level 5 in Fighting
  2040 | D:3      | Found a faded altar to an unknown god.
  2279 | D:4      | Noticed an ogre
  2289 | D:4      | Killed an ogre
  2289 | D:4      | Reached XP level 6. HP: 28/62 MP: 8/8
  2349 | D:4      | Noticed Sigmund
  2365 | D:4      | Killed Sigmund
  2365 | D:4      | Reached skill level 6 in Fighting
  2592 | D:4      | Reached XP level 7. HP: 24/70 MP: 9/9
  2943 | D:4      | Reached skill level 7 in Fighting
  3020 | D:4      | Found a bloodstained altar of Trog.
  3071 | D:4      | Reached skill level 8 in Fighting
  3121 | D:5      | Entered Level 5 of the Dungeon
  3122 | D:5      | Found a burning altar of Makhleb.
  3130 | D:5      | Became a worshipper of Makhleb the Destroyer
  3208 | D:5      | Got a bloodstained scale mail
  3219 | D:5      | Identified the cursed +0 scale mail of the New World {rN+ Str+3} (You found it on level 5 of the Dungeon)
  3291 | D:5      | Reached XP level 8. HP: 40/82 MP: 10/10
  3333 | D:5      | Found a staircase to the Ecumenical Temple.
  3754 | D:6      | Reached skill level 9 in Fighting
  4267 | D:6      | Reached skill level 10 in Fighting
  4349 | D:6      | Reached * piety under Makhleb
  4503 | D:7      | Found Bemmycw's Antique Armour Boutique.
  4516 | D:7      | Bought a slimy leather armour for 168 gold pieces
  4526 | D:7      | Identified the +3 leather armour "Mapsengo" {rPois} (You bought it in a shop on level 7 of the Dungeon)
  4560 | D:7      | Found Veyvvoug's Weapon Shop.
  4568 | D:7      | Noticed Duvessa
  4574 | D:7      | Noticed Dowan
  4600 | D:7      | Found Wuklaaqu's Jewellery Shop.
  4652 | D:7      | Reached skill level 1 in Armour
  4680 | D:7      | Reached skill level 1 in Shields
  4713 | D:7      | HP: 2/86 [something/puff of flame (6)]
  4713 | D:7      | Killed from afar by an orc wizard

Skill      XL: |  1  2  3  4  5  6  7  8 |
---------------+-------------------------+-----
Fighting       | 1 2 3 4 5 6 8 10 | 10.2
Armour         | 1 |  1.4
Shields        | 1 |  1.0
Dodging        | |  2.8
Stealth        | |  2.4
Spellcasting   | |  1.7
Necromancy     | |  4.3

Action                   |  1- 3 |  4- 6 |  7- 9 || total
-------------------------+-------+-------+-------++-------
Melee: Club              |    16 |       |       ||    16
       Dagger            |    95 |   156 |   332 ||   583
       Unarmed           |     2 |       |       ||     2
       War axe           |       |       |    10 ||    10
 Cast: Pain              |     2 |       |       ||     2
 Abil: Device Recharging |       |       |     2 ||     2
Evoke: Wand              |     2 |     3 |    10 ||    15
  Use: Scroll            |     3 |     5 |     6 ||    14
       Potion            |     5 |     3 |     1 ||     9
 Stab: Sleeping          |     2 |       |     1 ||     3
  Eat: Bread ration      |     1 |     1 |     1 ||     3
Armor: Ring mail         |    24 |       |       ||    24
       Plate armour      |    63 |   118 |   183 ||   364
       Scale mail        |       |       |    34 ||    34
Dodge: Dodged            |    45 |    17 |    37 ||    99
Block: Other             |     3 |     5 |       ||     8
       Shield            |       |     3 |   146 ||   149
